 Dungeon Crawl Stone Soup version 0.22.0-40-g68aacdc (webtiles) character file.

74 inc the Conjurer (level 4, -4/30 HPs)
             Began as a Mummy Fire Elementalist on Sept 1, 2018.
             Slain by an orc priest
             ... wielding a +2 war axe of chopping
              (7 damage)
             ... on level 3 of the Dungeon.
             The game lasted 00:03:51 (2262 turns).

inc the Conjurer (Mummy Fire Elementalist)          Turns: 2262, Time: 00:03:51

Health: -4/30      AC:  5    Str: 11    XL:     4   Next: 9%
Magic:  1/8        EV: 12    Int: 15    God:
Gold:   140        SH:  0    Dex: 12    Spells: 7/8 levels left

rFire    x . .     SeeInvis .   m - +0 rapier
rCold    + . .     Gourm    .   (no shield)
rNeg     + + +     Faith    .   a - +0 robe
rPois    ∞         Spirit   .   d - +2 helmet
rElec    .         Reflect  .   (no cloak)
rCorr    .         Harm     .   (no gloves)
MR       .....                  (no boots)
Stlth    ++........             i - amulet of magic regeneration (curse)
HPRegen  0.10/turn              (no ring)
MPRegen  0.36/turn              (no ring)

@: very slightly contaminated
A: no food or potions, fire vulnerability, cold resistance 1, negative energy
resistance 3, torment resistance, unbreathing
a: no special abilities


You were on level 3 of the Dungeon.
You were not hungry.

You visited 1 branch of the dungeon, and saw 3 of its levels.

You collected 140 gold pieces.

Inventory:

Hand Weapons
 e - a +0 short sword
 m - a +0 rapier (weapon)
Missiles
 k - 8 javelins of penetration (quivered)
Armour
 a - a +0 robe (worn)
 c - a +0 buckler
 d - a +2 helmet (worn)
Jewellery
 i - a cursed amulet of magic regeneration (around neck)
Scrolls
 f - 2 scrolls of teleportation
 g - a scroll of enchant weapon
 h - a scroll of identify
 j - a scroll of enchant armour
 l - 2 scrolls of remove curse
 n - a scroll of fog
Comestibles
 b - a ration


   Skills:
 - Level 1.5 Dodging
 - Level 1.5 Stealth
 - Level 2.6 Spellcasting
 + Level 2.9 Conjurations
 + Level 2.8 Fire Magic


You had 7 spell levels left.
You knew the following spells:

 Your Spells              Type           Power        Failure   Level  Hunger
a - Flame Tongue          Conj/Fire      ##...        6%          1    N/A

Your spell library contained the following spells:

 Spells                   Type           Power        Failure   Level  Hunger
 Throw Flame              Conj/Fire      ##....       10%         2    N/A
 Conjure Flame            Conj/Fire      ##......     19%         3    N/A
 Inner Flame              Hex/Fire       #.......     34%         3    N/A
 Sticky Flame             Conj/Fire      ##......     52%         4    N/A
 Fireball                 Conj/Fire      ##........   86%         5    N/A

Dungeon Overview and Level Annotations

Branches:
Dungeon (3/15)

Altars:


Innate Abilities, Weirdness & Mutations

You do not eat or drink.
Your flesh is vulnerable to fire.
You are immune to poison.
Your flesh is cold resistant. (rC+)
You are immune to negative energy. (rN+++)
You are immune to unholy pain and torment.
You can survive without breathing.


Message History

Beogh smites you!
* * * LOW HITPOINT WARNING * * *
Casting: Flame Tongue (safe; 6% risk of failure)
Confirm with . or Enter, or press ? or * to list all spells.
Aiming: Flame Tongue (safe; 6% risk of failure)
Press: ? - help, Shift-Dir - straight line, f/p - orc priest
Aim: an orc priest, wielding a war axe of chopping and wearing a ring mail (almost dead)
The flame tongue hits the orc priest.
The orc priest appears unharmed.
The orc priest is almost dead.
The orc priest hits you but does no damage.
Unknown command.
Casting: Flame Tongue (safe; 6% risk of failure)
Confirm with . or Enter, or press ? or * to list all spells.
Aiming: Flame Tongue (safe; 6% risk of failure)
Press: ? - help, Shift-Dir - straight line, f/p - orc priest
Aim: an orc priest, wielding a war axe of chopping and wearing a ring mail (almost dead)
The flame tongue hits the orc priest.
The orc priest appears unharmed.
The orc priest is almost dead.
The orc priest hits you with a war axe of chopping!
You die...

#.. .. # ..## #.
#..# ####.#####..#
........# .>#
........# #.#
....s...# #@#
........###o#
............########
........###.........
........# #.########
.###....# #.# ######
#.# #.######
#......#


You could see an orc priest.

Vanquished Creatures
  An adder (D:3)
  A worm (D:2)
  3 dart slugs (D:1)
  4 leopard geckos
  3 orcs
  A ball python (D:3)
  5 bats
  3 giant cockroaches
  7 goblins
  5 hobgoblins
  5 kobolds
  4 frilled lizards (D:1)
  5 rats (D:1)
  A plant (D:1)
48 creatures vanquished.

Notes
Turn   | Place    | Note
-------+----------+-------------------------------------------
     0 | D:1      | inc the Mummy Fire Elementalist began the quest for the Orb.
     0 | D:1      | Reached XP level 1. HP: 13/13 MP: 4/4
     9 | D:1      | Reached skill level 1 in Conjurations
   132 | D:1      | Reached XP level 2. HP: 19/19 MP: 1/5
   558 | D:1      | Reached XP level 3. HP: 24/24 MP: 4/7
  2192 | D:3      | Reached XP level 4. HP: 27/30 MP: 5/8
  2262 | D:3      | Slain by an orc priest

Skill      XL: |  1  2 |
---------------+-------+-----
Conjurations   | 1 2 |  2.9
Dodging        | |  1.5
Stealth        | |  1.5
Spellcasting   | |  2.6
Fire Magic     | |  2.8

Action                   |  1- 3 |  4- 6 || total
-------------------------+-------+-------++-------
Melee: Short sword       |   148 |       ||   148
       Rapier            |     3 |       ||     3
 Cast: Flame Tongue      |    84 |    12 ||    96
  Use: Scroll            |     5 |       ||     5
Armor: Robe              |    22 |     1 ||    23
Dodge: Dodged            |    63 |     3 ||    66
